 Dungeon Crawl Stone Soup version 0.31-a0-799-g6bc09d010c (webtiles) character file.

Game seed: 1100012933849502317

41510 Pooter the Severer (level 13, -1/119 HPs)
             Began as a Minotaur Berserker on Sept 18, 2023.
             Was a Priest of Trog.
             Succumbed to Urug's dark miasma
             ... on level 5 of the Lair of Beasts on Sept 19, 2023.
             The game lasted 01:28:00 (17153 turns).

Pooter the Severer (Minotaur Berserker)            Turns: 17153, Time: 01:28:01

Health: -1/119     AC: 20    Str: 31    XL:     13   Next: 80%
Magic:  5/12       EV:  8    Int:  6    God:    Trog [***...]
Gold:   689        SH:  0    Dex: 12    Spells: 12/12 levels left

rFire   + . .        a - +0 battleaxe
rCold   + + .        (shield currently unavailable)
rNeg    . . .        i - +1 plate armour {rF+}
rPois   .            (helmet restricted)
rElec   .            o - scarf {rC+ rF+}
rCorr   .            T - +2 pair of gloves {Str+3}
SInv    +            K - +2 pair of boots {rampage}
Will    .....        H - amulet "Muonn" {Spirit Str+5} Stlth
                     S - ring of see invisible
HPRegen 0.39/turn    l - ring of ice
MPRegen 0.13/turn

%: guardian spirit, rampage
@: lethally poisoned (-1 -> -109), slowed, very slow
A: horns 2, retaliatory headbutt
a: Renounce Religion, Berserk, Trog's Hand


You were on level 5 of the Lair of Beasts.
You worshipped Trog.
Trog was most pleased with you.
You visited 3 branches of the dungeon, and saw 16 of its levels.
You also visited: Sewer, Gauntlet and Volcano.

You collected 1123 gold pieces.
You spent 434 gold pieces at shops.

Inventory:

Hand Weapons
 a - a +0 battleaxe (weapon)
   (You found it on level 2 of the Lair of Beasts)
 b - a +2 arbalest of flaming
   (You found it in a volcano)
 p - a +4 war axe of flaming
   (You took it off a wight on level 8 of the Dungeon)
 I - a +5 hand axe of freezing
   (You took it off a wight on level 8 of the Dungeon)
 J - a +2 morningstar
   (You took it off a wight on level 8 of the Dungeon)
 L - a +1 heavy hand axe
   (You took it off an orc on level 3 of the Dungeon)
 M - a +2 sling of freezing
   (You found it on level 4 of the Dungeon)
Missiles
 r - 58 poisoned darts (quivered)
 z - 9 boomerangs
 O - 4 silver javelins
 Q - 147 stones
Armour
 h - the +2 ratskin cloak {*Rats rPois rN+ Str-1 Int-1 Dex+1}
   (You found it on level 5 of the Dungeon)

   *Rats:     When the wearer is hurt, rats may emerge from it to assist them.
   Str-1:     It affects your strength (-1).
   Int-1:     It affects your intelligence (-1).
   Dex+1:     It affects your dexterity (+1).
   rPois:     It protects you from poison rN+: It protects you from negative
   energy.
 i - a +1 plate armour of fire resistance (worn)
   (You found it in a volcano)
 n - the +4 scale mail of Bitterness {*Corrode rPois Will++ Stlth+}
   (You found it on level 3 of the Dungeon)

   rPois:     It protects you from poison Will++: It greatly increases your
   willpower.
   *Corrode:  It may corrode you when you take damage.
   Stlth+:    It makes you more stealthy.
 o - a scarf of resistance (worn)
   (You found it on level 8 of the Dungeon)
 s - the +1 pair of boots of Dishonour {Will++ Stlth-}
   (You found it in a Gauntlet)

   Will++:    It greatly increases your willpower.
   Stlth-:    It makes you less stealthy.
 y - a +2 cloak of stealth
   (You bought it in a shop on level 4 of the Dungeon)
 K - a +2 pair of boots of rampaging (worn)
   (You bought it in a shop on level 8 of the Dungeon)
 T - a +2 pair of gloves of strength (worn)
   (You found it in a Gauntlet)
 U - a +4 plate armour
   (You took it off an orc warrior on level 9 of the Dungeon)
Jewellery
 l - a ring of ice (right hand)
   (You found it on level 9 of the Dungeon)
 C - a ring of resist corrosion
   (You found it on level 2 of the Lair of Beasts)
 F - a ring of protection from fire
   (You found it on level 7 of the Dungeon)
 H - the amulet "Muonn" (around neck) {Spirit Str+5}
   (You acquired it on level 6 of the Dungeon)

   [amulet of guardian spirit]

   Spirit:    It causes incoming damage to be divided between your reserves of
   health and magic.
   Str+5:     It affects your strength (+5).
 P - a ring of poison resistance
   (You found it in a Gauntlet)
 S - a ring of see invisible (left hand)
   (You took it off a goblin on level 2 of the Dungeon)
Wands
 d - a wand of iceblast (3)
   (You found it on level 10 of the Dungeon)
 f - a wand of polymorph (7)
   (You found it on level 10 of the Dungeon)
 x - a wand of acid (5)
   (You found it on level 7 of the Dungeon)
 D - a wand of digging (1)
   (You found it in a Gauntlet)
 N - a wand of charming (23)
   (You found it on level 10 of the Dungeon)
Scrolls
 j - a scroll of poison {!r}
 m - a scroll of blinking
 t - 7 scrolls of teleportation {@r4}
 R - 3 scrolls of noise {!r}
 V - a scroll of fog
 W - a scroll of silence {unknown}
 Y - a scroll of vulnerability {!r}
 Z - a scroll of fear
Potions
 c - 4 potions of attraction {!q}
 e - 5 potions of enlightenment
 g - 6 potions of heal wounds {@q2}
 k - 3 potions of lignification {!q}
 q - 7 potions of haste {@q3}
 u - a potion of ambrosia
 v - 2 potions of cancellation
 w - 3 potions of mutation {!q}
 A - a potion of curing {@q1}
 B - 2 potions of resistance
 E - 2 potions of might
 G - 4 potions of invisibility
 X - a potion of magic {unknown}


   Skills:
 + Level 12.8 Fighting
 * Level 19.9 Axes
 + Level 14.8 Ranged Weapons
 + Level 6.1 Armour
 - Level 2.1 Dodging
 + Level 7.0 Evocations


You had 12 spell levels left.
You didn't know any spells.
Your spell library was empty.

Dungeon Overview and Level Annotations

Branches:
Dungeon (10/15) Zot: 26432  Temple (0/1) D:4            Lair (5/5) D:9 Zot: 25250
 Shoals (0/4) Lair:2       Spider (0/4) Lair:3          Orc (1/2) D:9 Zot: 5960
  Sewer (visited)         Volcano (visited)         Gauntlet (visited)
  Slime: Lair:4-5

Altars:
Ashenzari
Cheibriados
Fedhas
Hepliaklqana
Nemelex Xobeh
Okawaru
Ru
Uskayaw
Wu Jian
Xom
Zin
The Shining One

Shops:
D:4 [   D:8 [=*:   D:9 [

Annotations:
Lair:5 Urug


Innate Abilities, Weirdness & Mutations

You have a pair of horns on your head.
You reflexively headbutt those who attack you in melee.


Message History

You feel strong-willed.
Your +2 arbalest of flaming stops flaming.
a - a +0 battleaxe (weapon)
You rampage towards Urug!
You closely miss Urug. You slice the plant!!
The plant begins to die.
You hit the plant.
The plant begins to die.
You feel the effects of Trog's Hand fading.
Urug bites you but does no damage.
You slice Urug!!
You slash the plant! x2; Urug bites you.
You closely miss Urug. You hit the plant but do no damage. You slash the plant!
Urug bites you.
You slash Urug! Your headbutt misses Urug. You hit the plant.
You hit the plant but do no damage. Urug breathes miasma at you.
The foul vapour engulfs you but does no damage.
You barely miss Urug. You headbutt Urug! You slash the plant! x2
You are engulfed in dark miasma.
You are poisoned.
You feel yourself slow down.
You feel very sick.
The plant is engulfed in dark miasma. x2; The plant is poisoned.
A nearby plant withers and dies.
Urug bites you but does no damage.
You slice Urug!! Your headbutt misses Urug. You hit the plant but do no damage.
You are engulfed in dark miasma.
You are more poisoned.
You feel as though you will be slow longer.
You feel extremely sick.
The plant is engulfed in dark miasma.
A nearby plant withers and dies.
Urug bites you but does no damage.
You closely miss Urug. You headbutt Urug, but do no damage.
You are engulfed in dark miasma.
You are more poisoned.
Your skin stops crawling.
You feel less strong-willed.
You feel extremely sick. Urug barely misses you.
Urug bites you but does no damage.
You hit Urug. Your headbutt misses Urug.
You are engulfed in dark miasma.
You are lethally poisoned!
* * * LOW HITPOINT WARNING * * *
* * * LOW HITPOINT WARNING * * *
You feel extremely sick. Urug breathes miasma at you.
The foul vapour engulfs you!!
You are more poisoned.
You feel as though you will be slow longer.
* * * LOW HITPOINT WARNING * * *
You barely miss Urug. Your headbutt misses Urug.
You are engulfed in dark miasma.
You are more poisoned.
* * * LOW MAGIC WARNING * * *
* * * LOW HITPOINT WARNING * * *
You die...

.P.. #P.## ...###
. #..P.# .. .
###....###...
....#......#.....
!......<.°.......
......###°°°.#..
...## #°@#### .
#P°k# PPP°°..
..........
...........
.......)....
.............
...#...P..#...


You could see Urug the death drake (catching breath).

Vanquished Creatures
  3 red draconians (Volcano)
  A minotaur (Gauntlet)
  The ghost of Peulonen the Impaler, a journeyman TeDe of Hepliaklqana (Lair:4)
  2 catoblepae (Lair:3)
  2 boulder beetles
  4 ogre magi (Volcano)
  13 two-headed ogres
  A hell knight (Volcano)
  3 skysharks
  2 glowing orange brains (Gauntlet)
  A cyclops (D:7)
  2 ugly things (Gauntlet)
  8 elephants
  A merfolk siren (Lair:2)
  2 black mambas
  A minotaur zombie (Gauntlet)
  2 cane toads (Lair:1)
  A kobold demonologist (D:7)
  2 komodo dragons
  An unseen horror (D:7)
  6 rime drakes
  Grinder (D:4)
  11 blink frogs
  A vampire (D:10)
  3 wyverns
  24 yaks
  3 basilisks
  4 steam dragons
  11 water moccasins
  3 acid dragons
  4 orc warriors
  A sky beast (D:8)
  A black bear (D:8)
  4 centaurs
  7 wolves
  4 ogres
  A black mamba simulacrum (Lair:4)
  10 bullfrogs
  3 kobold brigands
  4 gnoll sergeants
  A scorpion (D:7)
  A cane toad simulacrum (Lair:4)
  8 wights (D:8)
  2 dream sheep simulacra (Lair:4)
  3 orc priests
  2 gnoll boudas
  A hound (D:6)
  7 iguanas
  A sleepcap (D:7)
  6 hell rats (D:5)
  10 orc wizards
  A polar bear simulacrum (Lair:4)
  17 gnolls
  4 adders
  22 river rats
  A shadow imp (D:7)
  2 white imps
  5 dart slugs (D:1)
  35 orcs
  7 ball pythons
  9 endoplasms
  8 giant cockroaches
  4 hobgoblins
  8 jackals
  A quokka (D:1)
  7 bats
  3 frilled lizards
  16 goblins
  26 kobolds
  23 rats
400 creatures vanquished.

Vanquished Creatures (collateral kills)
  A two-headed ogre (Volcano)
  A tarantella (Lair:3)
  A yak (D:7)
  A warg (Orc:1)
  An orc warrior (Orc:1)
5 creatures vanquished.

Grand Total: 405 creatures vanquished

Notes
Turn   | Place    | Note
-------+----------+-------------------------------------------
     0 | D:1      | Pooter the Minotaur Berserker began the quest for the Orb.
     0 | D:1      | Reached XP level 1. HP: 19/19 MP: 0/0
    32 | D:1      | Reached skill level 4 in Axes
    66 | D:1      | Reached XP level 2. HP: 26/27 MP: 1/1
   541 | D:1      | Reached XP level 3. HP: 33/33 MP: 2/2
   665 | D:2      | Reached ** piety under Trog
  1501 | D:3      | Reached skill level 5 in Axes
  1501 | D:3      | Reached skill level 1 in Ranged Weapons
  1545 | D:3      | Identified the +4 scale mail of Bitterness {*Corrode rPois
                  | Will++ Stlth+}
  1669 | D:3      | Reached XP level 4. HP: 41/41 MP: 3/3
  2038 | D:3      | Found a glowing golden altar of the Shining One.
  2067 | D:3      | Found a sacrificial altar of Ru.
  2390 | D:4      | Found a staircase to the Ecumenical Temple.
  2431 | D:4      | Noticed Grinder
  2438 | D:4      | Killed Grinder
  2439 | D:4      | Reached skill level 5 in Fighting
  2439 | D:4      | Reached skill level 6 in Axes
  2439 | D:4      | Reached XP level 5. HP: 48/48 MP: 4/4
  2439 | D:4      | Reached XP level 6. HP: 56/56 MP: 5/5
  2458 | D:4      | Found a shimmering altar of Xom.
  2511 | D:4      | Reached *** piety under Trog
  2600 | D:4      | Found a glowing drain.
  2624 | Sewer    | Entered a sewer
  3336 | Sewer    | Reached **** piety under Trog
  3585 | D:4      | Found Regiagukat's Antique Armour Emporium.
  3588 | D:4      | Bought a runed cloak for 202 gold pieces
  3702 | D:4      | Reached XP level 7. HP: 61/61 MP: 6/6
  3736 | D:4      | Reached skill level 7 in Axes
  3883 | D:4      | Found a glowing silver altar of Zin.
  4289 | D:4      | Reached skill level 5 in Ranged Weapons
  4425 | D:5      | Entered Level 5 of the Dungeon
  4491 | D:5      | Found a blossoming altar of Fedhas.
  4724 | D:5      | Reached skill level 8 in Axes
  4725 | D:5      | Reached ***** piety under Trog
  4739 | D:5      | Reached XP level 8. HP: 16/65 MP: 7/7
  4860 | D:5      | Found the +2 ratskin cloak {*Rats rPois rN+ Str-1 Int-1
                  | Dex+1}
  4995 | D:5      | Found a broken altar of Ashenzari.
  5464 | D:6      | Reached skill level 9 in Axes
  5574 | D:6      | Found a sparkling altar of Nemelex Xobeh.
  5936 | D:6      | Identified a scroll of acquirement
  5937 | D:6      | Acquired the amulet "Muonn" {Spirit Str+5}
  6267 | D:7      | Noticed an unseen horror
  6267 | D:7      | Noticed a kobold demonologist
  6274 | D:7      | Killed a kobold demonologist
  6275 | D:7      | Reached XP level 9. HP: 79/79 MP: 8/8
  6281 | D:7      | Killed an unseen horror
  6282 | D:7      | Reached skill level 10 in Axes
  6911 | D:7      | Noticed a cyclops
  7022 | D:7      | Found a hazy altar of Hepliaklqana.
  8152 | D:7      | Noticed a two-headed ogre
  8165 | D:7      | Killed a two-headed ogre
  8166 | D:7      | Reached skill level 11 in Axes
  8193 | D:7      | Noticed a two-headed ogre
  8202 | D:7      | Killed a two-headed ogre
  8203 | D:7      | Reached XP level 10. HP: 90/90 MP: 7/9
  8317 | D:7      | Killed a cyclops
  8366 | D:7      | Reached skill level 10 in Ranged Weapons
  8372 | D:7      | Found a snail-covered altar of Cheibriados.
  8528 | D:7      | Reached skill level 12 in Axes
  8619 | D:8      | Acquired a manual of Axes
  8969 | D:8      | Reached skill level 1 in Evocations
  8981 | D:8      | Found Jobucapt's General Store.
  8981 | D:8      | Found Baocyz's Antique Armour Shop.
  8985 | D:8      | Found Gaolir's Book Shop.
  9018 | D:8      | Reached skill level 13 in Axes
  9082 | D:8      | Found Fopa's Jewellery Shop.
  9097 | D:8      | Bought a pair of runed boots for 232 gold pieces
  9685 | D:9      | Found a staircase to the Lair.
  9754 | D:9      | Found an iron altar of Okawaru.
 10096 | D:9      | Found Itaf's Armour Shoppe.
 10107 | D:9      | Found a staircase to the Orcish Mines.
 10116 | D:9      | Reached skill level 14 in Axes
 10341 | Orc:1    | Entered Level 1 of the Orcish Mines
 10356 | Orc:1    | Reached XP level 11. HP: 77/99 MP: 7/10
 10374 | Orc:1    | Noticed an orc knight
 10435 | D:10     | Entered Level 10 of the Dungeon
 10437 | D:10     | Found a hide-covered altar of Uskayaw.
 10783 | D:10     | Reached skill level 10 in Fighting
 10869 | D:10     | Identified the +0 pair of boots "Jicley" {Int+3}
 11011 | Lair:1   | Entered Level 1 of the Lair of Beasts
 11029 | Lair:1   | Noticed a boulder beetle
 11059 | Lair:1   | Killed a boulder beetle
 11060 | Lair:1   | Reached skill level 15 in Axes
 11410 | Lair:1   | You fall into a shaft and drop 1 floor!
 11503 | Lair:2   | Reached skill level 16 in Axes
 11503 | Lair:2   | Noticed a boulder beetle
 11519 | Lair:2   | Killed a boulder beetle
 11544 | Lair:2   | Found a hide-covered altar of Uskayaw.
 11547 | Lair:2   | Found an ornate altar of the Wu Jian Council.
 12613 | Lair:2   | Noticed a skyshark
 12644 | Lair:2   | Killed a skyshark
 12645 | Lair:2   | Reached XP level 12. HP: 23/108 MP: 1/11
 12928 | Lair:2   | Found a staircase to the Shoals.
 13223 | Lair:3   | Found a hole to the Spider Nest.
 13237 | Lair:3   | Reached skill level 17 in Axes
 13350 | Lair:3   | Found a gate leading to a gauntlet.
 13468 | Gauntlet | Entered a Gauntlet
 13468 | Gauntlet | Found a transporter.
 13479 | Gauntlet | Found a transporter.
 13487 | Gauntlet | Found a transporter.
 13487 | Gauntlet | Found a transporter.
 13491 | Gauntlet | Identified the +1 pair of boots of Dishonour {Will++
                  | Stlth-}
 13588 | Gauntlet | Found a transporter.
 13628 | Gauntlet | Noticed a minotaur
 13643 | Gauntlet | Killed a minotaur
 13644 | Gauntlet | Reached skill level 18 in Axes
 13644 | Gauntlet | Reached skill level 5 in Evocations
 14227 | Lair:3   | Noticed a catoblepas
 14237 | Lair:3   | Killed a catoblepas
 14499 | Lair:3   | Noticed a catoblepas
 14514 | Lair:3   | Killed a catoblepas
 15100 | Lair:4   | Found a runed translucent gate.
 15100 | Lair:4   | Found a runed translucent gate.
 15100 | Lair:4   | Found a runed translucent gate.
 15172 | Lair:4   | Reached XP level 13. HP: 100/117 MP: 10/12
 15256 | Lair:4   | Found a dark tunnel.
 15267 | Volcano  | Entered a volcano
 15282 | Volcano  | Reached skill level 19 in Axes
 15562 | Volcano  | Found a large runed translucent door.
 15563 | Volcano  | Found a large runed translucent door.
 15581 | Volcano  | Paralysed by an ogre mage for 4 turns
 15600 | Volcano  | Found a large runed translucent door.
 15600 | Volcano  | Found a large runed translucent door.
 15602 | Volcano  | Found a large runed translucent door.
 15602 | Volcano  | Found a large runed translucent door.
 15606 | Volcano  | Noticed a red draconian
 15619 | Volcano  | Killed a red draconian
 15634 | Volcano  | Reached skill level 5 in Armour
 15702 | Volcano  | Found a large runed translucent door.
 15756 | Volcano  | Found a large runed translucent door.
 15798 | Volcano  | Found a large runed translucent door.
 15798 | Volcano  | Found a large runed translucent door.
 15811 | Volcano  | Noticed a red draconian
 15828 | Volcano  | Killed a red draconian
 15898 | Volcano  | Found a large runed translucent door.
 15898 | Volcano  | Found a large runed translucent door.
 15916 | Volcano  | Found a large runed translucent door.
 15917 | Volcano  | Found a large runed translucent door.
 15919 | Volcano  | Noticed a red draconian
 15940 | Volcano  | Killed a red draconian
 15990 | Volcano  | Found a large runed translucent door.
 15991 | Volcano  | Found a large runed translucent door.
 16021 | Volcano  | Found a large runed translucent door.
 16021 | Volcano  | Found a large runed translucent door.
 16249 | Lair:4   | Noticed Peulonen's ghost (journeyman TeDe)
 16763 | Lair:4   | Killed Peulonen's ghost
 16905 | Lair:4   | Got the ring "Gaackug" {Fire Contam Str+2 Int+2}
 16912 | Lair:4   | Upgraded the game from 0.31-a0-795-g5eb97db20b to
                  | 0.31-a0-799-g6bc09d010c
 16947 | Lair:5   | Entered Level 5 of the Lair of Beasts
 17139 | Lair:5   | Noticed Urug
 17140 | Lair:5   | Urug changed into Urug the death drake
 17140 | Lair:5   | Noticed Urug
 17153 | Lair:5   | Succumbed to Urug's dark miasma

Illustrated notes

Levels and vault maps discovered:
D:1:      dpeg_arrival_pond, layout_basic, minmay_quantized
D:2:      layout_loops_ring, minmay_misc_feat_pillars, minmay_tromino_v2
D:3:      minmay_evil_eye, layout_loops_ring, mainiacjoe_overflow_two_lobes,
          minivault_11
D:4:      nicolae_cairo_tiling_large, layout_loops_corners, zin_statuary,
          brannock_xom_greatest_gift, minmay_temple_entry_offerings,
          gup_sewer_entry_glass, serial_shops,
          nicolae_shop_tiny_real_fake_doors, minmay_ogre_servants, uniq_grinder
D:5:      wander_guarded_unrand_ratskin, layout_cave_pools,
          nicolae_ashenzari_panopticon, mainiacjoe_overflow_boulevard
D:6:      layout_loops_ring, lemuel_coloured_pillars_altar
D:7:      nicolae_whirlpool, layout_basic, nicolae_overflow_crystal_walls,
          mainiacjoe_overflow_surrounded_room, minmay_shattered_shrine
D:8:      layout_loops_ring, minmay_shop_grid_forest
D:9:      layout_basic, kennysheep_okawaru_gauntlet, lair_entry_dummy,
          orc_david_3, dreamdust_gnoll_shepherd
D:10:     layout_roguey, mainiacjoe_overflow_alcove_1, chequers_arboretum
Lair:1:   layout_cave_pods, serial_bayou_pond_d
Lair:2:   layout_chaotic_city, minmay_shoals_entry_lonely_mermaid,
          nzn_masters_of_martial_movement
Lair:3:   layout_misc_corridors, spider_nest_entry_rubble,
          gauntlet_entry_generic
Lair:4:   layout_big_grid, nicolae_volcano_entry_hallway, gammafunk_ghost_icy,
          columned_hall_lemuel, guppyfry_lair_drakes
Lair:5:   hangedman_lair_in_review, layout_regular_city,
          hangedman_lair_caniforms_friends, slime_entry_1, uniq_urug
Orc:1:    layout_diamond_mine, serial_shops, nicolae_shop_bloodbath_and_beyond,
          mines2_lemuel

Skill      XL: |  1  2  3  4  5  6  7  8  9 10 11 12 13 |
---------------+----------------------------------------+-----
Axes           | 4 5 6 8 9 11 14 16 18 19 | 19.9
Fighting       | 4 5 6 7 8 9 10 11 12 | 12.8
Ranged Weapons | 1 3 4 5 7 9 11 12 14 | 14.8
Evocations     | 2 4 5 7 |  7.0
Armour         | 3 6 |  6.1
Dodging        | |  2.1

Action                     |  1- 3 |  4- 6 |  7- 9 | 10-12 | 13-15 || total
---------------------------+-------+-------+-------+-------+-------++-------
  Melee: Hand axe          |    79 |    71 |   165 |    81 |       ||   396
         Headbutt          |     7 |    10 |    29 |    85 |    33 ||   164
         Punch             |     1 |       |       |       |       ||     1
         War axe           |       |       |       |   182 |       ||   182
         Battleaxe         |       |       |       |   141 |   149 ||   290
   Fire: Sling             |    25 |    63 |    65 |    22 |       ||   175
         Orcbow            |       |       |       |   108 |    10 ||   118
         Arbalest          |       |       |       |       |    11 ||    11
  Throw: Dart              |       |     4 |     6 |    19 |       ||    29
 Invoke: Berserk           |       |     2 |     7 |     7 |     5 ||    21
         Trog's Hand       |       |       |     7 |    10 |    10 ||    27
  Evoke: Wand              |       |       |     2 |     1 |     3 ||     6
    Use: Scroll            |     4 |     3 |     8 |    24 |     1 ||    40
         Potion            |       |       |     2 |     1 |     1 ||     4
   Stab: Sleeping          |     1 |       |     4 |       |       ||     5
         Distracted        |       |       |       |     1 |       ||     1
         Petrified         |       |       |       |     3 |       ||     3
         Invisible         |       |       |       |     1 |     7 ||     8
 Armour: Animal skin       |    31 |       |       |       |       ||    31
         Scale mail        |    21 |    57 |   158 |    96 |       ||   332
         Plate armour      |       |       |       |   277 |   132 ||   409
  Dodge: Dodged            |    57 |    52 |   130 |   158 |    32 ||   429
  Block: Buckler           |       |     7 |    29 |    13 |       ||    49

Table legend: (Time is in decaauts)
 A = Elapsed time spent in this place.
 B = Non-inter-level travel time spent in this place.
 C = Inter-level travel time spent in this place.
 D = Time resting spent in this place.
 E = Time spent auto-exploring this place.
 F = Levels seen in this place.
 G = Mean time per level.
                   A        B        C        D        E       F      G
               +--------+--------+--------+--------+--------+-----+--------+
         Total |  17336 |  17018 |    318 |   4451 |   9040 |  19 |  912.4 |
       Dungeon |  10184 |   9972 |    212 |   2399 |   5670 |  10 | 1018.4 |
          Lair |   4749 |   4643 |    106 |    894 |   2788 |   5 |  949.8 |
  Orcish Mines |     40 |     40 |      0 |     10 |      0 |   1 |   40.0 |
         Sewer |    994 |    994 |      0 |    401 |    390 |   1 |  994.0 |
       Volcano |    884 |    884 |      0 |    421 |    191 |   1 |  884.0 |
      Gauntlet |    484 |    484 |      0 |    323 |      0 |   1 |  484.0 |
               +--------+--------+--------+--------+--------+-----+--------+

Top non-repeatable levels by time:
     D:7: 2419 daAuts
  Lair:3: 1296 daAuts
     D:4: 1160 daAuts
     D:8: 1107 daAuts
  Lair:1: 1105 daAuts
  Lair:4: 1101 daAuts
     D:6: 1073 daAuts
  Lair:2: 1037 daAuts
   Sewer: 994 daAuts
 Volcano: 884 daAuts
     D:3: 878 daAuts
     D:2: 867 daAuts
     D:5: 770 daAuts
     D:9: 709 daAuts
     D:1: 638 daAuts
